YL
LANE COVE FLAMES @ NARRABEEN WAVES
08/17/2022
 
TOP OF THE 1ST
Lane Cove Flames batting - Pitching for Narrabeen Waves : RHP Bill Rodwell
Pitching: RHP Bill Rodwell
Batting: LHB Dylan Hokulani 0-0: Foul Ball, location: 7LMF
0-1: Called Strike
0-2: Ball
1-2: Fly out, F7 (Flyball, 7, EV 96.9 MPH)
Batting: RHB Zayne Freegard 0-0: Ball
1-0: Ball
2-0: Swinging Strike
2-1: Foul Ball, location: 3FF
2-2: Ball
3-2: Strikes out swinging
Batting: LHB O.D. Inions 0-0: Fly out, F7 (Line Drive, 78M, EV 85.6 MPH)
Top of the 1st over - 0 runs, 0 hits, 0 errors, 0 left on base; Lane Cove 0 - Narrabeen 0
BOTTOM OF THE 1ST
Narrabeen Waves batting - Pitching for Lane Cove Flames : RHP Damien Sutherland
Pitching: RHP Damien Sutherland
Batting: RHB Silas Nevell 0-0: Ball
1-0: Called Strike
1-1: Foul Ball, location: 9LMFF
1-2: Ground out 5-3 (Groundball, 5, EV 88.8 MPH)
Batting: RHB Todd Bryan 0-0: Called Strike
0-1: Swinging Strike
0-2: Strikes out looking
Batting: RHB Rickie Purvis 0-0: Ball
1-0: Ball
2-0: Ball
3-0: Called Strike
3-1: Called Strike
3-2: Base on Balls
Batting: RHB Matthew Bell 0-0: Ball
1-0: Ball
2-0: Foul Ball, location: 3SF
2-1: 2-RUN HOME RUN (Flyball, 8LXD, EV 112.5 MPH), Distance : 453 ft
Batting: RHB John Dulihanty 0-0: Called Strike
0-1: Swinging Strike
0-2: Ground out 5-3 (Groundball, 56S, EV 83.8 MPH)
Bottom of the 1st over - 2 runs, 1 hit, 0 errors, 0 left on base; Lane Cove 0 - Narrabeen 2
TOP OF THE 2ND
Lane Cove Flames batting - Pitching for Narrabeen Waves : RHP Bill Rodwell
Batting: LHB Alan Ruggles 0-0: Called Strike
0-1: Swinging Strike
0-2: Foul Ball, location: 3DF
0-2: Ball
1-2: Ball
2-2: Strikes out swinging
Batting: LHB Sammy Holden 0-0: Called Strike
0-1: Ball
1-1: Foul Ball, location: 7LSF
1-2: Strikes out looking
Batting: RHB Liam Scarborough 0-0: Fly out, F8 (Flyball, 8RM, EV 94.4 MPH)
Top of the 2nd over - 0 runs, 0 hits, 0 errors, 0 left on base; Lane Cove 0 - Narrabeen 2
BOTTOM OF THE 2ND
Narrabeen Waves batting - Pitching for Lane Cove Flames : RHP Damien Sutherland
Batting: RHB Junior Haynes 0-0: Called Strike
0-1: Ball
1-1: Ball
2-1: Foul Ball, location: 5SF
2-2: Foul Ball, location: 3DF
2-2: Strikes out swinging
Batting: RHB Barret Scanlan 0-0: Swinging Strike
0-1: Ball
1-1: Ball
2-1: Foul Ball, location: 2F
2-2: Foul Ball, location: 25FF
2-2: Strikes out swinging
Batting: RHB Dally Taintey 0-0: Called Strike
0-1: Hit by Pitch
Batting: LHB Clint Bradridge 0-0: Foul Ball, location: 2F
0-1: Foul Ball, location: 3F
0-2: Ball
1-2: Strikes out swinging
Bottom of the 2nd over - 0 runs, 0 hits, 0 errors, 1 left on base; Lane Cove 0 - Narrabeen 2
TOP OF THE 3RD
Lane Cove Flames batting - Pitching for Narrabeen Waves : RHP Bill Rodwell
Batting: SHB Mark Desforges 0-0: Foul Ball, location: 3F
0-1: Called Strike
0-2: Foul Ball, location: 2F
0-2: Ball
1-2: Ball
2-2: Ground out 3-1 (Groundball, 34, EV 63.8 MPH)
Batting: RHB Gerard Crump 0-0: Foul Ball, location: 9LMF
0-1: Called Strike
0-2: Ball
1-2: Foul Ball, location: 2F
1-2: Strikes out swinging
Batting: SHB Hari Allan 0-0: Swinging Strike
0-1: Fly out, F8 (Flyball, 8LM, EV 83.1 MPH)
Top of the 3rd over - 0 runs, 0 hits, 0 errors, 0 left on base; Lane Cove 0 - Narrabeen 2
BOTTOM OF THE 3RD
Narrabeen Waves batting - Pitching for Lane Cove Flames : RHP Damien Sutherland
Batting: RHB Silas Nevell 0-0: SINGLE (Groundball, 4MD, EV 98.1 MPH)
Batting: RHB Todd Bryan 0-0: Ball
1-0: Ball
2-0: Fielders Choice at 2nd, 4-6 (Groundball, 4, EV 82.5 MPH)
Batting: RHB Rickie Purvis 0-0: Ball
1-0: Called Strike
1-1: Ball
2-1: Foul Ball, location: 5SF
2-2: Ball
3-2: Foul Ball, location: 9LSF
3-2: Grounds into double play, 4-6-3 (Groundball, 4, EV 85.0 MPH)
Bottom of the 3rd over - 0 runs, 1 hit, 0 errors, 0 left on base; Lane Cove 0 - Narrabeen 2
TOP OF THE 4TH
Lane Cove Flames batting - Pitching for Narrabeen Waves : RHP Bill Rodwell
Batting: LHB Dylan Hokulani 0-0: Called Strike
0-1: Ball
1-1: Foul Ball, location: 9LMF
1-2: Strikes out looking
Batting: RHB Zayne Freegard 0-0: Foul Ball, location: 5FF
0-1: Ball
1-1: Called Strike
1-2: Strikes out swinging
Batting: LHB O.D. Inions 0-0: Foul Ball, location: 23F
0-1: Ball
1-1: Foul Ball, location: 2F
1-2: Ball
2-2: Ground out 4-3 (Groundball, 4, EV 84.4 MPH)
Top of the 4th over - 0 runs, 0 hits, 0 errors, 0 left on base; Lane Cove 0 - Narrabeen 2
BOTTOM OF THE 4TH
Narrabeen Waves batting - Pitching for Lane Cove Flames : RHP Damien Sutherland
Batting: RHB Matthew Bell 0-0: SINGLE (Line Drive, 3D, EV 95.0 MPH)
Batting: RHB John Dulihanty 0-0: SINGLE (Groundball, 6D, EV 100.6 MPH)
Matthew Bell to second
Batting: RHB Junior Haynes Balk!
Matthew Bell to third
John Dulihanty to second
0-0: Intentional Walk
Batting: RHB Barret Scanlan 0-0: Ball
1-0: Ball
2-0: Called Strike
2-1: Grounds into double play, 6-2-3 (Groundball, 6, EV 82.5 MPH)
John Dulihanty to third
Junior Haynes to second
Batting: RHB Dally Taintey 0-0: Intentional Walk
Batting: LHB Clint Bradridge 0-0: Foul Ball, location: 3FF
0-1: SINGLE (Line Drive, 8RS, EV 105.6 MPH)
John Dulihanty scores
Junior Haynes to third
Dally Taintey to second
Runner from 3rd tries for Home, SAFE, throw by CF to home
Batting: RHB Silas Nevell 0-0: Ball
1-0: Called Strike
1-1: Foul Ball, location: 9LDF
1-2: Foul Ball, location: 2F
1-2: Ball
2-2: Foul Ball, location: 9LSF
2-2: Ball
3-2: Strikes out looking
Bottom of the 4th over - 2 runs, 3 hits, 0 errors, 2 left on base; Lane Cove 0 - Narrabeen 4
TOP OF THE 5TH
Lane Cove Flames batting - Pitching for Narrabeen Waves : RHP Bill Rodwell
Batting: LHB Alan Ruggles 0-0: Fly out, F8 (Flyball, 8LD, EV 90.0 MPH)
Batting: LHB Sammy Holden 0-0: Foul Ball, location: 7LMF
0-1: Called Strike
0-2: Ball
1-2: Foul Ball, location: 5F
1-2: Strikes out looking
Batting: RHB Liam Scarborough 0-0: Ball
1-0: Foul Ball, location: 3F
1-1: Called Strike
1-2: Strikes out looking
Top of the 5th over - 0 runs, 0 hits, 0 errors, 0 left on base; Lane Cove 0 - Narrabeen 4
BOTTOM OF THE 5TH
Narrabeen Waves batting - Pitching for Lane Cove Flames : RHP Damien Sutherland
Batting: RHB Todd Bryan 0-0: Fly out, F7 (Flyball, 78M, EV 91.3 MPH)
Batting: RHB Rickie Purvis 0-0: Ball
1-0: Ball
2-0: Ball
3-0: Called Strike
3-1: Called Strike
3-2: SINGLE (Line Drive, 56, EV 98.8 MPH)
Batting: RHB Matthew Bell 0-0: Ball
1-0: Foul Ball, location: 2F
1-1: Fielders Choice at 2nd, 1-6 (Groundball, 34S, EV 71.3 MPH)
Batting: RHB John Dulihanty 0-0: Called Strike
0-1: Ground out 4-3 (Groundball, 34D, EV 98.1 MPH)
Bottom of the 5th over - 0 runs, 1 hit, 0 errors, 1 left on base; Lane Cove 0 - Narrabeen 4
TOP OF THE 6TH
Lane Cove Flames batting - Pitching for Narrabeen Waves : RHP Bill Rodwell
Batting: SHB Mark Desforges 0-0: Fly out, F8 (Flyball, 8LD, EV 75.6 MPH)
Batting: RHB Gerard Crump 0-0: Ball
1-0: Ball
2-0: Called Strike
2-1: SOLO HOME RUN (Flyball, 7LD, EV 96.9 MPH), Distance : 378 ft
Batting: SHB Hari Allan 0-0: Called Strike
0-1: Called Strike
0-2: Foul Ball, location: 9LSF
0-2: Ball
1-2: Foul Ball, location: 7LMF
1-2: Ball
2-2: Ball
3-2: Ground out 6-3 (Groundball, 6, EV 96.9 MPH)
Batting: LHB Dylan Hokulani 0-0: Ground out U3 (Groundball, 34, EV 103.1 MPH)
Top of the 6th over - 1 run, 1 hit, 0 errors, 0 left on base; Lane Cove 1 - Narrabeen 4
BOTTOM OF THE 6TH
Narrabeen Waves batting - Pitching for Lane Cove Flames : RHP Damien Sutherland
Batting: RHB Junior Haynes 0-0: Called Strike
0-1: Called Strike
0-2: Foul Ball, location: 2F
0-2: Ball
1-2: Strikes out swinging
Batting: RHB Barret Scanlan 0-0: Ground out 2-3 (Groundball, 15S, EV 69.4 MPH)
Batting: RHB Dally Taintey 0-0: Ball
1-0: Called Strike
1-1: Ground out 6-3 (Groundball, 56, EV 85.6 MPH)
Bottom of the 6th over - 0 runs, 0 hits, 0 errors, 0 left on base; Lane Cove 1 - Narrabeen 4
TOP OF THE 7TH
Lane Cove Flames batting - Pitching for Narrabeen Waves : RHP Bill Rodwell
Batting: RHB Zayne Freegard 0-0: SINGLE (Groundball, 6MD, EV 101.9 MPH)
Batting: LHB O.D. Inions 0-0: Foul Ball, location: 2F
0-1: Called Strike
0-2: Fly out, F8 (Flyball, 8RM, EV 93.8 MPH)
Batting: LHB Alan Ruggles 0-0: Called Strike
0-1: Ball
1-1: Ball
2-1: Ball
3-1: Base on Balls
Zayne Freegard to second
Batting: LHB Sammy Holden 0-0: Swinging Strike
0-1: Foul Ball, location: 2F
0-2: Ball
1-2: Ball
2-2: Strikes out swinging
Batting: RHB Liam Scarborough 0-0: Ground out 5-3 (Groundball, 56S, EV 85.6 MPH)
Top of the 7th over - 0 runs, 1 hit, 0 errors, 2 left on base; Lane Cove 1 - Narrabeen 4
BOTTOM OF THE 7TH
Narrabeen Waves batting - Pitching for Lane Cove Flames : RHP Damien Sutherland
Batting: LHB Clint Bradridge 0-0: Ground out 4-3 (Groundball, 4, EV 83.1 MPH)
Batting: RHB Silas Nevell 0-0: Ball
1-0: Ball
2-0: SINGLE (Line Drive, 9S, EV 91.3 MPH)
Batting: RHB Todd Bryan 0-0: Called Strike
Silas Nevell steals 2nd base
0-1: Ground out 4-3 (Groundball, 4, EV 75.6 MPH)
Silas Nevell to third
Batting: RHB Rickie Purvis 0-0: Intentional Walk
Batting: RHB Matthew Bell 0-0: Ball
1-0: Single, Error in OF, E7, batter to second base (Line Drive, 7S, EV 101.9 MPH)
Silas Nevell scores
Rickie Purvis to third
Pitching: RHP Casee Rutledge
Batting: RHB John Dulihanty 0-0: 3-RUN HOME RUN (Flyball, 9LD, EV 91.9 MPH), Distance : 363 ft
Pinch Hitting: RHB Michael Kneen 0-0: Ball
1-0: Fly out, F9 (Flyball, 9, EV 88.1 MPH)
Bottom of the 7th over - 4 runs, 3 hits, 1 error, 0 left on base; Lane Cove 1 - Narrabeen 8
TOP OF THE 8TH
Lane Cove Flames batting - Pitching for Narrabeen Waves : RHP Bill Rodwell
Now in RF: Michael Kneen
Pinch Hitting: RHB Corkie Shoebotham 0-0: Swinging Strike
0-1: Ball
1-1: Swinging Strike
1-2: Strikes out swinging
Pinch Hitting: RHB Rudy Abercrombie 0-0: Ball
1-0: Foul Ball, location: 2F
1-1: Called Strike
1-2: Ball
2-2: Ball
3-2: SINGLE (Groundball, 6M, EV 85.0 MPH)
Batting: RHB Devin Nicolau 0-0: Swinging Strike
0-1: Called Strike
0-2: Ball
1-2: SINGLE (Groundball, 4MD, EV 102.5 MPH)
Rudy Abercrombie to second
Runner from 2nd tries for 3rd, SAFE, throw by CF made to third
Pitching: LHP Ray Iles
Batting: LHB Dylan Hokulani 0-0: Grounds into double play, 4-6-3 (Groundball, 4, EV 88.1 MPH)
Top of the 8th over - 0 runs, 2 hits, 0 errors, 1 left on base; Lane Cove 1 - Narrabeen 8
BOTTOM OF THE 8TH
Narrabeen Waves batting - Pitching for Lane Cove Flames : RHP Casee Rutledge
Now at 3B: Corkie Shoebotham
Now in LF: O.D. Inions
Now in CF: Rudy Abercrombie
Batting: RHB Barret Scanlan 0-0: Fly out, F9 (Flyball, 9D, EV 106.9 MPH)
Batting: RHB Dally Taintey 0-0: SINGLE (Groundball, 6MD, EV 103.8 MPH)
Batting: LHB Clint Bradridge 0-0: Swinging Strike
0-1: Called Strike
0-2: Strikes out looking
Batting: RHB Silas Nevell 0-0: Called Strike
0-1: Foul Ball, location: 3SF
0-2: Fly out, F8 (Flyball, 89M, EV 83.1 MPH)
Bottom of the 8th over - 0 runs, 1 hit, 0 errors, 1 left on base; Lane Cove 1 - Narrabeen 8
TOP OF THE 9TH
Lane Cove Flames batting - Pitching for Narrabeen Waves : LHP Ray Iles
Batting: RHB Zayne Freegard 0-0: Called Strike
0-1: Ball
1-1: Swinging Strike
1-2: Strikes out swinging, 2-3 out at first.
Batting: LHB O.D. Inions 0-0: Ball
1-0: Called Strike
1-1: Fly out, F9 (Flyball, 9S, EV 91.9 MPH)
Pinch Hitting: RHB Chris Raw 0-0: Ball
1-0: Foul Ball, location: 5FF
1-1: SOLO HOME RUN (Flyball, 78XD, EV 109.4 MPH), Distance : 451 ft
Pinch Hitting: RHB Alan Carylyon 0-0: Ball
1-0: Ball
2-0: Called Strike
2-1: DOUBLE (Line Drive, 89D, EV 106.9 MPH)
Batting: RHB Liam Scarborough 0-0: Ball
1-0: Foul Ball, location: 2F
1-1: Foul Ball, location: 9LMF
1-2: Ground out 6-3 (Groundball, 56, EV 81.9 MPH)
Top of the 9th over - 1 run, 2 hits, 0 errors, 1 left on base; Lane Cove 2 - Narrabeen 8
Tuesday, April 30th , 2024 - OOTP Baseball 24.9 Build 80